 Dungeon Crawl Stone Soup version 0.31-a0-193-gdfe2569204 (webtiles) character file.

Game seed: 17649824647461144884

13 qw the Shooter (level 2, -4/16 HPs)
             Began as a Deep Elf Hunter on June 24, 2023.
             Frozen to death by an endoplasm (5 damage)
             ... on level 1 of the Dungeon.
             The game lasted 00:00:06 (219 turns).

qw the Shooter (Deep Elf Hunter)                     Turns: 219, Time: 00:00:07

Health: -4/16      AC:  3    Str:  8    XL:     2   Next: 24%
Magic:  4/4        EV: 12    Int: 13    God:
Gold:   15         SH:  0    Dex: 18    Spells: 1/1 levels left

rFire   . . .        a - +0 shortbow
rCold   . . .        (shield currently unavailable)
rNeg    . . .        c - +0 leather armour
rPois   .            (no helmet)
rElec   .            (no cloak)
rCorr   .            (no gloves)
SInv    .            (no boots)
Will    .....        (no amulet)
Stlth   ++           (no ring)
HPRegen 0.22/turn    (no ring)
MPRegen 0.09/turn

%: no passive effects
@: no status effects
A: no striking features
a: no special abilities


You were on level 1 of the Dungeon.
You visited 1 branch of the dungeon, and saw 1 of its levels.

You collected 15 gold pieces.


   Skills:
 - Level 1.5 Fighting
 + Level 6.1 Ranged Weapons
 - Level 2.4 Dodging
 - Level 1.2 Stealth


You had one spell level left.
You didn't know any spells.
Your spell library was empty.

Inventory:

Hand Weapons
 a - a +0 shortbow (weapon)
Armour
 c - a +0 leather armour (worn)
Scrolls
 b - a scroll of butterflies
 d - a scroll of fog {unknown}
Potions
 e - a potion of cancellation {unknown}
 f - a potion of berserk rage {unknown}
 g - a potion of magic {unknown}

Dungeon Overview and Level Annotations

Branches:
Dungeon (1/15)

Altars:


Message History

You kill the hobgoblin!
You shoot an arrow. The arrow hits the hobgoblin!
You kill the hobgoblin!
A jackal and an endoplasm come into view.
The jackal barks!
A jackal comes into view.
Enter note: You shoot an arrow.
The jackal barks!
The arrow hits the jackal but does no damage.
You shoot an arrow. The arrow barely misses the jackal.
A dart slug comes into view.
You shoot an arrow. The arrow misses the jackal.
The arrow barely misses the jackal.
You shoot an arrow. The arrow closely misses the jackal. x2
You shoot an arrow.
The arrow completely misses the endoplasm.
The endoplasm freezes you.
You are frozen.
You shoot an arrow. The arrow misses the jackal.
The jackal barely misses you.
The endoplasm hits you but does no damage.
The jackal bites you but does no damage.
You shoot an arrow. The arrow barely misses the jackal.
The endoplasm freezes you.
You are frozen.
The jackal bites you but does no damage.
The endoplasm misses you.
You shoot an arrow. The arrow hits the jackal.
The jackal is lightly wounded.
The jackal bites you. The endoplasm hits you. The jackal misses you.
You shoot an arrow. The arrow hits the jackal!
You kill the jackal!
The endoplasm freezes you.
You are frozen.
You shoot an arrow.
The arrow hits the endoplasm but does no damage.
The endoplasm freezes you.
You are frozen.
You die...

#.########
#.......###########
.####..............
#.#####.#########
##................
#@#.#.#.#.#>#.#.##
#....wJ%...............#
..#.#.#.#.#.#.#.#.#.#.##
....................#
#%# #.#.#.#.#.#.#.#.#.
... ##.##..#.####.....
... .. ##...# #.#... #.
# ###. #.##)# .. .##..


You could see a dart slug and an endoplasm.

Vanquished Creatures
  A bat (D:1)
  A giant cockroach (D:1)
  3 goblins (D:1)
  3 hobgoblins (D:1)
  A jackal (D:1)
  A rat (D:1)
10 creatures vanquished.

Notes
Turn   | Place    | Note
-------+----------+-------------------------------------------
     0 | D:1      | qw the Deep Elf Hunter began the quest for the Orb.
     0 | D:1      | Reached XP level 1. HP: 12/12 MP: 3/3
     0 | D:1      | 0 ||| qw: Version: 0.3-a-9-g12657ce
     0 | D:1      | 0 ||| qw: Game counter: 4644
     0 | D:1      | 0 ||| qw: Always use a shield: true
     0 | D:1      | 0 ||| qw: God list: Okawaru
     0 | D:1      | 0 ||| qw: Allow faded altars: false
     0 | D:1      | 0 ||| qw: Do Orc after D:15 true
     0 | D:1      | 0 ||| qw: Do second Lair branch before Depths: true
     0 | D:1      | 0 ||| qw: Lair rune preference: random
     0 | D:1      | 0 ||| qw: Plans: Normal
     0 | D:1      | 0 ||| PLANNING D:1-11
   195 | D:1      | Reached skill level 6 in Ranged Weapons
   195 | D:1      | Reached XP level 2. HP: 16/16 MP: 4/4
   217 | D:1      | HP: 4/16 [endoplasm (3)]
   218 | D:1      | HP: 1/16 [frozen (3)]
   219 | D:1      | Frozen to death by an endoplasm

Levels and vault maps discovered:
D:1:      matt_arrival_los_fun, layout_loops_ring,
          hellmonk_ecumenical_altar_watching_god, st_stairs_13

Skill      XL: |  1 |
---------------+----+-----
Ranged Weapons | 6 |  6.1
Fighting       | |  1.5
Dodging        | |  2.4
Stealth        | |  1.2

Action                     || total
---------------------------++-------
   Fire: Shortbow          ||    34
 Armour: Leather armour    ||     5
  Dodge: Dodged            ||     9

Table legend:
 A = Non-vault XP
 B = Vault XP
 C = Vault XP percentage of total XP
 D = Non-vault monster count
 E = Vault monster count
 F = Vault count percentage of total count
                 A         B        C        D         E       F
            +---------+---------+-------+---------+---------+-------
      Total |      17 |       2 |  10.5 |       9 |       1 |  10.0
            +---------+---------+-------+---------+---------+-------
        D:1 |      17 |       2 |  10.5 |       9 |       1 |  10.0
            +---------+---------+-------+---------+---------+-------
